 Dungeon Crawl Stone Soup version 0.30-a0-632-g346586fe48 (webtiles) character file.

Game seed: 16727325984892887189

4720 kae the Transmogrifier (level 10, -10/78 HPs)
             Began as a Demonspawn Transmuter on Jan 13, 2023.
             Was a Believer of Ru.
             Killed from afar by Erica (19 damage)
             ... with a lance of force
             ... on level 9 of the Dungeon.
             The game lasted 00:14:20 (8958 turns).

kae the Transmogrifier (Demonspawn Transmuter)      Turns: 8958, Time: 00:14:20

Health: -10/78     AC:  8    Str: 10    XL:     10   Next: 22%
Magic:  17/18      EV: 10    Int: 19    God:    Ru [**....]
Gold:   1605       SH:  0    Dex: 14    Spells: 4/20 levels left

rFire   x . .      SeeInvis .      - Unarmed
rCold   + + +      Faith    .    (shield currently unavailable)
rNeg    . . .      Spirit   .    (body armour currently unavailable)
rPois   +          Reflect  .    (helmet currently unavailable)
rElec   .          Harm     .    (cloak currently unavailable)
rCorr   .          Rampage  .    (gloves currently unavailable)
Will    .....                    (boots currently unavailable)
Stlth   +                        g - amulet of regeneration
HPRegen 1.13/turn                Y - +4 ring of slaying
MPRegen 0.16/turn                (no ring)

@: ice-form, wereblooded (expiring)
A: freezing attack, amphibious, boosted hp, large, (claws 1), (slimy green
scales 2), (spiny 2), hated by all, demonic magic 1
a: End Transformation, Renounce Religion


You were on level 9 of the Dungeon.
You worshipped Ru.
Ru was pleased with you.
You were a creature of crystalline ice.
You visited 2 branches of the dungeon, and saw 10 of its levels.

You collected 2057 gold pieces.
You spent 452 gold pieces at shops.


Innate Abilities, Weirdness & Mutations

You are a creature of crystalline ice.
You have a powerful freezing melee attack.
You are amphibious.
Your maximum health is increased.
Your armour is entirely melded.
You are incapable of wielding weapons or throwing items.
((You have sharp fingernails.))
((You are mostly covered in slimy green scales. (AC +3)))
((You are mostly covered in sharp spines.))
You are hated by all.
Spells you cast may paralyse adjacent enemies.


   Skills:
 - Level 1.0 Fighting
 - Level 1.7 Dodging
 + Level 6.4 Unarmed Combat
 + Level 5.9 Spellcasting
 * Level 8.4 Transmutations
 - Level 5.2 Ice Magic
 * Level 4.7 Earth Magic
 - Level 1.6 Poison Magic


You had 4 spell levels left.
You knew the following spells:

 Your Spells              Type           Power      Damage    Failure   Level
a - Beastly Appendage     Tmut           74%        N/A       1%          1
b - Wereblood             Tmut           37%        N/A       1%          2
c - Spider Form           Tmut/Pois      24%        N/A       4%          3
d - Ice Form              Ice/Tmut       31%        N/A       7%          4
e - Statue Form           Tmut/Erth      20%        N/A       75%         6

Your spell library contained the following spells:

 Spells                   Type           Power      Damage    Failure   Level
 Gell's Gravitas          Tloc           5%         N/A       34%         3
 Teleport Other           Tloc           5%         N/A       34%         3
 Leda's Liquefaction      Hex/Erth       7%         N/A       38%         4
 Lee's Rapid Deconstruct  Erth           11%        3d8*      41%         5
 Freezing Cloud           Conj/Ice/Air   6%         6-21      83%         5
 Dispersal                Tloc           2%         N/A       100%        6
 Polar Vortex             Ice            12%        N/A       100%        9
 Summon Small Mammal      Summ           Unusable   N/A       N/A         1
 Call Canine Familiar     Summ           Unusable   N/A       N/A         3
 Summon Guardian Golem    Hex/Summ       Unusable   N/A       N/A         3
 Simulacrum               Ice/Necr       Unusable   N/A       N/A         6

Inventory:

Missiles
 f - 86 stones
 l - 5 silver javelins
 o - 2 boomerangs
 r - 16 poisoned darts
Armour
 a - a +0 robe (melded)
Magical Staves
 w - a staff of fire {!a}
   (You found it on level 5 of the Dungeon)
Jewellery
 d - an amulet of reflection
   (You found it on level 1 of the Dungeon)
 g - an amulet of regeneration (around neck)
   (You found it on level 3 of the Dungeon)
 Y - a +4 ring of slaying (left front paw)
   (You took it off a kobold on level 2 of the Dungeon)
Wands
 m - a wand of paralysis (7)
   (You took it off a kobold on level 4 of the Dungeon)
 y - a wand of flame (14)
   (You took it off a hobgoblin on level 5 of the Dungeon)
 D - a wand of digging (4)
   (You found it on level 8 of the Dungeon)
Scrolls
 j - 3 scrolls of fear
 k - 5 scrolls of teleportation {@r4}
 n - 2 scrolls of enchant weapon
 p - 3 scrolls of identify {@r1}
 v - a scroll of blinking {!r}
 A - 2 scrolls of vulnerability {!r!r}
 C - a scroll of immolation {!r!r}
Potions
 b - 3 potions of lignification {!q}
 c - a potion of magic
 e - a potion of attraction {!q}
 h - 2 potions of ambrosia
 i - 4 potions of heal wounds {@q2}
 q - 3 potions of curing {@q1}
 s - 2 potions of brilliance
 t - a potion of degeneration {!q}
 u - a potion of might
 x - 3 potions of berserk rage {!q}
 z - a potion of invisibility
 B - 2 potions of cancellation
 E - 2 potions of flight {unknown}

Dungeon Overview and Level Annotations

Branches:
Dungeon (9/15) Zot: 26524  Temple (1/1) D:4 Zot: 5803
   Lair: D:8-11         Orc: D:9-12

Altars:
Ashenzari
Cheibriados
Dithmenos
Gozag
Kikubaaqudgha
Makhleb
Nemelex Xobeh
Okawaru
Qazlal
Ru
Sif Muna
Trog
Uskayaw
Vehumet
Wu Jian
Xom

Shops:
D:2 *:[*!   D:5 *   D:9 [

Annotations:
D:6 exclusion: komodo dragon
D:9 2 transporters, exclusion: orange crystal statue, Erica

.# #.....##.##.....#
.## .#
#.....##.##.#.#.# .
.#
#.....#.....#.#... #
.#
#.....#######.###..>
.# #...........#.#
..... .#
#....######.#.# ####
.# #....# #†#.# .#
###### #†#.# ##
#Y#.# #...@o#
#.....# #.......
#[...##.. #....#
.... #....# ...
#....# ..


You could see Erica and an orc.


Message History

You punch the yak! You freeze the yak.
You feel a bit better.
You kill the yak! 😕 HP[+4]
You regained 4 hp, and now have 62/78 hp.
An orc comes into view. It is wielding a +0 club.
The orc shouts!
Things that are here:
a yak corpse; a yak corpse You punch the orc warrior!
You freeze the orc warrior!
An orc comes into view. It is wielding a +0 club.
The orc warrior hits you with a +0 scimitar! 😮 HP[-7] MP[+1]
You take 7 damage, and now have 55/78 hp.
You barely miss the orc warrior.
The orc warrior hits you but does no damage. 😮 HP[+1]
You closely miss the orc warrior.
The orc shouts!
You hear a shout! x2
An orc comes into view. It is wielding a +0 club.
The orc warrior hits you with a +0 scimitar!
You are too injured to fight recklessly! 😮 HP[-7]
You take 7 damage, and now have 49/78 hp.
You barely miss the orc warrior.
The orc warrior hits you but does no damage. 😮 HP[+1]
You are too injured to fight recklessly!
You are too injured to fight recklessly!
You hit the orc warrior. You freeze the orc warrior.
The orc warrior hits you with a +0 scimitar! 😮 HP[-6]
You take 6 damage, and now have 44/78 hp.
You are too injured to fight recklessly!
You are too injured to fight recklessly!
You are too injured to fight recklessly!
You are too injured to fight recklessly!
You punch the orc warrior! You freeze the orc warrior.
You feel a bit better.
You kill the orc warrior! 😮 HP[+3]
You regained 3 hp, and now have 47/78 hp.
You are too injured to fight recklessly!
You are too injured to fight recklessly!
You barely miss the orc.
An orc comes into view. It is wielding a +0 short sword.
The orc closely misses you. 😮 HP[+1]
You are too injured to fight recklessly!
You are too injured to fight recklessly!
You are too injured to fight recklessly!
You are too injured to fight recklessly!
You are too injured to fight recklessly!
You are too injured to fight recklessly!
You barely miss the orc.
You howl as the wereblood boils in your veins! 😮 HP[+1] MP[+1]
You are too injured to fight recklessly!
You are too injured to fight recklessly!
You completely miss the orc. The orc hits you but does no damage.
Erica the Fiery-Tempered comes into view.
She is wielding a +4 scimitar of flaming. 😮 HP[+1]
You punch the orc! You freeze the orc.
You feel a bit better.
You kill the orc! 😮 HP[+3]
You regained 3 hp, and now have 53/78 hp.
You punch the orc! You freeze the orc.
You feel a bit better.
You kill the orc!
Erica screams, "Coming here was suicide!
For you!" 😮 HP[+2]
You regained 2 hp, and now have 55/78 hp.
Items here: ))) ? [[[ †. 😮 HP[+1]
You barely miss Erica.
Erica hits you with a +4 scimitar of flaming!
Erica melts you. 😮 HP[-12]
You take 12 damage, and now have 44/78 hp.
Unknown command.
You punch Erica! You freeze Erica!
You howl as the wereblood boils in your veins!
Erica hits you with a +4 scimitar of flaming!!
* * * LOW HITPOINT WARNING * * *
Erica melts you!
* * * LOW HITPOINT WARNING * * *
😨 HP[-24] MP[+1]
You take 24 damage, and now have 20/78 hp.
MASSIVE DAMAGE!! (PAUSE)
You barely miss Erica.
You howl as the wereblood boils in your veins!
Erica hits you with a +4 scimitar of flaming!
* * * LOW HITPOINT WARNING * * *
Erica melts you.
* * * LOW HITPOINT WARNING * * *
😱 HP[-12]
You take 12 damage, and now have 8/78 hp.
Unknown command.
You barely miss Erica.
Your primal bloodlust is almost over.
Erica casts a spell at you. The lance of force hits you!!
You die...

Skill      XL: |  1  2  3  4  5  6  7  8  9 |
---------------+----------------------------+-----
Transmutations | 2 3 4 5 6 8 |  8.4
Unarmed Combat | 3 4 5 6 |  6.4
Poison Magic   | 1 |  1.6
Spellcasting   | 3 4 5 |  5.9
Ice Magic      | 2 3 5 |  5.2
Earth Magic    | 4 |  4.7
Fighting       | |  1.0
Dodging        | |  1.7

Action                   |  1- 3 |  4- 6 |  7- 9 | 10-12 || total
-------------------------+-------+-------+-------+-------++-------
Melee: Unarmed           |    91 |   169 |   225 |    30 ||   515
       Headbutt          |    15 |    12 |       |       ||    27
       Kick              |    21 |    23 |       |       ||    44
       Punch             |     2 |     3 |       |       ||     5
 Cast: Beastly Appendage |    30 |    30 |     1 |       ||    61
       Spider Form       |       |     8 |     9 |       ||    17
       Wereblood         |       |     3 |     8 |     1 ||    12
       Ice Form          |       |       |    23 |     2 ||    25
Invok: Sacrifice Love    |       |       |     1 |       ||     1
 Abil: End Transformatio |       |       |     1 |       ||     1
Evoke: Wand              |       |       |     2 |       ||     2
  Use: Scroll            |     8 |     9 |     8 |       ||    25
 Stab: Sleeping          |       |     2 |       |       ||     2
       Distracted        |       |       |     1 |       ||     1
       Invisible         |       |       |     1 |       ||     1
Armor: Robe              |    18 |    31 |     2 |       ||    51
       Skin              |       |     7 |    61 |     7 ||    75
Dodge: Dodged            |    55 |   116 |    91 |     5 ||   267
Block: Other             |    14 |     5 |       |       ||    19
       Reflection        |     3 |     2 |       |       ||     5

Levels and vault maps discovered:
D:1:      saegor_arrival_simple_a, layout_loops_cross, grunt_decor_fettered
D:2:      layout_loops_cross, serial_shops, shop, shop,
          nicolae_shop_statue_plus, shop, shop_fountains,
          shapermc_ecumenical_altar_gd, basic_altar
D:3:      layout_basic, serial_undead, serial_undead_d, serial_undead_f,
          serial_undead_e, serial_undead_c, serial_undead_e, serial_undead_c,
          kennysheep_decorative_pillar, minmay_between
D:4:      cheibrodos_helix_gallery, layout_cave_pools, tgw_xom,
          minmay_temple_entry_from_below_b
D:5:      lemuel_ice_spiral_2, layout_basic, vehumet_altar_wand_db,
          serial_shops, nicolae_diamond_shop, chequers_hall_statues_corner_a
D:6:      layout_basic, nicolae_dithmenos_through_a_glass_darkly,
          gammafunk_temple_overflow_claw, hangedman_decor_push
D:7:      layout_basic
D:8:      layout_rooms, ashenzari_conservatory_becter, kennysheep_island_fort
D:9:      gammafunk_sealed_arena, layout_basic, serial_shops, shop, uniq_erica
Temple:   nicolae_temple_bog_church

Notes
Turn   | Place    | Note
-------+----------+-------------------------------------------
     0 | D:1      | kae the Demonspawn Transmuter began the quest for the Orb.
     0 | D:1      | Reached XP level 1. HP: 15/15 MP: 3/3
     0 | D:1      | magus.rc [v1.11.3]
    72 | D:1      | Reached skill level 2 in Transmutations
   178 | D:1      | Gained mutation: You are partially covered in slimy green
                  | scales. (AC +2) [demonic ancestry]
   178 | D:1      | Reached XP level 2. HP: 18/21 MP: 3/5
   295 | D:1      | You add the spells Gell's Gravitas, Teleport Other and
                  | Dispersal to your library.
   374 | D:1      | Learned a level 2 spell: Wereblood
   591 | D:1      | Reached skill level 3 in Unarmed Combat
   874 | D:2      | Gained mutation: You have sharp fingernails. [demonic
                  | ancestry]
   874 | D:2      | Reached XP level 3. HP: 26/26 MP: 4/6
   882 | D:2      | Learned a level 3 spell: Spider Form
   906 | D:2      | Found a stormy altar of Qazlal.
   994 | D:2      | Found Zesosa Woqou's Armour Boutique.
  1045 | D:2      | Found Feta's Assorted Antiques.
  1053 | D:2      | Bought a scroll labelled LISISE BEQ for 21 gold pieces
  1058 | D:2      | Found Kuysoico's Book Shop.
  1149 | D:2      | Found Pinnat's Distillery.
  1229 | D:2      | Found Ezeicas's Assorted Antiques.
  1241 | D:2      | Bought a scroll labelled ELOSO UBENUOKH for 25 gold pieces
  1241 | D:2      | Bought a scroll labelled LEKOCA RILONTY for 25 gold pieces
  1262 | D:2      | Found a faded altar of an unknown god.
  1417 | D:2      | Reached skill level 3 in Transmutations
  1745 | D:3      | Reached XP level 4. HP: 32/32 MP: 5/7
  1819 | D:3      | Reached skill level 1 in Poison Magic
  2328 | D:3      | Reached XP level 5. HP: 37/37 MP: 4/9
  2349 | D:3      | Reached skill level 3 in Spellcasting
  2399 | D:3      | Reached skill level 4 in Transmutations
  2425 | D:3      | Learned a level 4 spell: Ice Form
  2866 | D:4      | Gained mutation: You are mostly covered in slimy green
                  | scales. (AC +3) [demonic ancestry]
  2866 | D:4      | Reached XP level 6. HP: 41/43 MP: 8/10
  3016 | D:4      | Found a staircase to the Ecumenical Temple.
  3063 | D:3      | Identified a scroll of acquirement
  3063 | D:3      | Acquired 796 gold pieces
  3268 | D:4      | Reached skill level 1 in Ice Magic
  3291 | D:4      | magus.rc [v1.11.3]
  3366 | D:4      | Found a shimmering altar of Xom.
  3470 | D:5      | Entered Level 5 of the Dungeon
  3530 | D:5      | Reached skill level 4 in Unarmed Combat
  3780 | D:5      | Reached skill level 2 in Ice Magic
  3780 | D:5      | Gained mutation: You are partially covered in sharp spines.
                  | [demonic ancestry]
  3780 | D:5      | Reached XP level 7. HP: 45/48 MP: 9/12
  3927 | D:5      | Found a radiant altar of Vehumet.
  3957 | D:5      | You pick up a book of Ice and begin reading...
  3957 | D:5      | You add the spells Freezing Cloud, Simulacrum and Polar
                  | Vortex to your library.
  3990 | D:5      | Found Kilig's Assorted Antiques.
  4012 | D:5      | Bought a sapphire potion for 21 gold pieces
  4213 | D:5      | Reached skill level 5 in Transmutations
  4702 | D:2      | Bought a book of the Earth for 360 gold pieces
  4702 | D:2      | You pick up a book of the Earth and begin reading...
  4702 | D:2      | You add the spells Leda's Liquefaction, Lee's Rapid
                  | Deconstruction and Statue Form to your library.
  4836 | D:6      | Found an ornate altar of the Wu Jian Council.
  4836 | D:6      | Found a bloodstained altar of Trog.
  4837 | D:6      | Found a shimmering blue altar of Sif Muna.
  4844 | D:6      | Reached skill level 3 in Ice Magic
  4874 | D:6      | Reached skill level 4 in Spellcasting
  4874 | D:6      | Reached XP level 8. HP: 54/54 MP: 10/14
  5304 | D:6      | Reached skill level 4 in Ice Magic
  5411 | D:6      | magus.rc [v1.11.3]
  5548 | D:6      | Noticed a komodo dragon
  5550 | D:6      | Acquired 854 gold pieces
  6038 | D:6      | Reached skill level 6 in Transmutations
  6176 | D:6      | Found a shadowy altar of Dithmenos.
  6415 | Temple   | Entered the Ecumenical Temple
  6588 | Temple   | Became a worshipper of Ru the Awakened
  6814 | D:7      | Reached skill level 5 in Unarmed Combat
  6952 | D:7      | Reached skill level 5 in Ice Magic
  7003 | D:7      | Noticed a troll
  7014 | D:7      | Killed a troll
  7015 | D:7      | Gained mutation: You are mostly covered in sharp spines.
                  | [demonic ancestry]
  7015 | D:7      | Reached XP level 9. HP: 28/59 MP: 10/16
  7038 | D:7      | Learned a level 6 spell: Statue Form
  7295 | D:7      | You pick up a book of Callings and begin reading...
  7295 | D:7      | You add the spells Summon Small Mammal, Call Canine
                  | Familiar and Summon Guardian Golem to your library.
  7469 | D:8      | Reached skill level 1 in Earth Magic
  7517 | D:8      | Reached skill level 5 in Spellcasting
  7517 | D:8      | Reached skill level 7 in Transmutations
  7551 | D:8      | Reached skill level 2 in Earth Magic
  7717 | D:8      | Found a broken altar of Ashenzari.
  7901 | D:8      | Gained mutation: You are hated by all. [Ru sacrifice]
  7901 | D:8      | Reached * piety under Ru
  7901 | D:8      | Reached ** piety under Ru
  8001 | D:8      | Identified the +6 flail of Oozing Pus {pain, rElec rC-
                  | Str+2 Dex+4}
  8005 | D:8      | Noticed an ice dragon
  8397 | D:8      | Reached skill level 3 in Earth Magic
  8410 | D:8      | Identified the +4 ring mail of the First Invaders {rC+
                  | Regen+ SInv}
  8480 | D:9      | Noticed a cyclops
  8481 | D:9      | Noticed a cyclops
  8482 | D:9      | Found a transporter.
  8482 | D:9      | Noticed a wizard
  8482 | D:9      | Noticed a seven-headed hydra
  8482 | D:9      | Noticed a seven-headed hydra
  8483 | D:9      | Noticed an orange crystal statue
  8484 | D:9      | Noticed a tengu warrior
  8486 | D:9      | Found a transporter.
  8595 | D:9      | Reached skill level 6 in Unarmed Combat
  8633 | D:9      | HP: 15/70 [something (7)]
  8711 | D:9      | Reached skill level 8 in Transmutations
  8714 | D:9      | Reached skill level 4 in Earth Magic
  8717 | D:9      | Gained mutation: Spells you cast may paralyse adjacent
                  | enemies. [demonic ancestry]
  8717 | D:9      | Reached XP level 10. HP: 65/65 MP: 14/18
  8799 | D:9      | Found Mett's Armour Shop.
  8952 | D:9      | Noticed Erica
  8957 | D:9      | HP: 14/78 [Erica/+4 scimitar of flaming (7)]
  8958 | D:9      | Killed from afar by Erica

Vanquished Creatures
  A hornet (D:8)
  A troll (D:7)
  A vampire (D:9)
  2 wyverns
  8 yaks (D:9)
  2 ice beasts
  2 orc warriors
  2 sky beasts
  A black bear (D:5)
  An ogre (D:5)
  A centaur (D:9)
  A kobold brigand (D:8)
  A phantom (D:7)
  A bullfrog (D:8)
  A gnoll sergeant (D:8)
  2 scorpions
  4 necrophages
  5 wights (D:8)
  A killer bee (D:8)
  3 jellies
  6 orc priests
  3 hounds
  2 iguanas (D:5)
  7 orc wizards
  A hound zombie (D:3)
  8 adders
  10 gnolls
  A shadow imp (D:8)
  3 white imps
  3 ufetubi (D:5)
  2 adder zombies (D:3)
  An adder skeleton (D:3)
  2 worms
  3 dart slugs
  49 orcs
  4 endoplasms (D:1)
  2 giant cockroaches
  13 goblins
  11 hobgoblins
  4 jackals (D:5)
  9 quokkas
  7 ball pythons
  A ball python zombie (D:3)
  5 bats
  4 frilled lizards
  A jackal zombie (D:3)
  14 kobolds
  A quokka skeleton (D:3)
  6 rats
224 creatures vanquished.

Vanquished Creatures (others)
  6 demonic plants (D:2)
  3 fungi (D:2)
  5 plants (D:2)
  3 withered plants
17 creatures vanquished.

Grand Total: 241 creatures vanquished

Table legend:
 A = Non-vault XP
 B = Vault XP
 C = Vault XP percentage of total XP
 D = Non-vault monster count
 E = Vault monster count
 F = Vault count percentage of total count
                 A         B        C        D         E       F
            +---------+---------+-------+---------+---------+-------
      Total |    6554 |     189 |   2.8 |     206 |      18 |   8.0
            +---------+---------+-------+---------+---------+-------
        D:1 |      37 |       0 |   0.0 |      24 |       0 |   0.0
        D:2 |      58 |       0 |   0.0 |      17 |       0 |   0.0
        D:3 |     241 |      68 |  22.0 |      31 |      13 |  29.5
        D:4 |      49 |      41 |  45.6 |      21 |       2 |   8.7
        D:5 |     576 |       2 |   0.3 |      21 |       1 |   4.5
        D:6 |    1031 |       0 |   0.0 |      35 |       0 |   0.0
        D:7 |     989 |       0 |   0.0 |      17 |       0 |   0.0
        D:8 |    1140 |      78 |   6.4 |      22 |       2 |   8.3
        D:9 |    2433 |       0 |   0.0 |      18 |       0 |   0.0
            +---------+---------+-------+---------+---------+-------

Illustrated notes

Table legend:
 A = Kills in this place as a percentage of kills in entire the game.
 B = Kills by you in this place as a percentage of kills by you in the entire game.
 C = Kills by friends in this place as a percentage of kills by friends in the entire game.
 D = Other kills in this place as a percentage of other kills in the entire game.
 E = Experience gained in this place as a percentage of experience gained in the entire game.
 F = Experience gained in this place divided by the number of levels of this place that you have seen.
                   A       B       C       D       E      F
               +-------+-------+-------+-------+-------+----------------------
         Total | 100.0 | 100.0 |   N/A |   N/A | 100.0 | 674.3
       Dungeon | 100.0 | 100.0 |   N/A |   N/A | 100.0 | 749.2
               +-------+-------+-------+-------+-------+----------------------

Table legend: (Time is in decaauts)
 A = Elapsed time spent in this place.
 B = Non-inter-level travel time spent in this place.
 C = Inter-level travel time spent in this place.
 D = Time resting spent in this place.
 E = Time spent auto-exploring this place.
 F = Levels seen in this place.
 G = Mean time per level.
                   A        B        C        D        E       F      G
               +--------+--------+--------+--------+--------+-----+--------+
         Total |   8932 |   8304 |    628 |    278 |   6426 |  10 |  893.2 |
       Dungeon |   8735 |   8135 |    600 |    278 |   6269 |   9 |  970.6 |
        Temple |    196 |    168 |     28 |      0 |    157 |   1 |  196.0 |
               +--------+--------+--------+--------+--------+-----+--------+

Top non-repeatable levels by time:
     D:6: 1605 daAuts
     D:5: 1384 daAuts
     D:3: 1247 daAuts
     D:8: 1050 daAuts
     D:1: 839 daAuts
     D:2: 834 daAuts
     D:4: 649 daAuts
     D:7: 648 daAuts
     D:9: 475 daAuts
  Temple: 196 daAuts
